 Dungeon Crawl Stone Soup version 0.32-a0-86-g8db1b9f803 (webtiles) character file.

Game seed: 11134200813292945130

149636 Ceno the Brawler (level 16, -15/182 HPs)
             Began as a White Draconian Shapeshifter on Feb 6, 2024.
             Was the Champion of Wu Jian.
             Demolished by a salamander
             ... wielding a +4 trident
              (25 damage)
             ... on level 4 of the Snake Pit.
             The game lasted 01:52:32 (39926 turns).

Ceno the Brawler (White Draconian Shapeshifter)    Turns: 39926, Time: 01:52:37

Health: -15/182    AC: 12    Str: 30    XL:     16   Next: 97%
Magic:  11/22      EV:  9    Int: 16    God:    Wu Jian [******]
Gold:   2716       SH:  0    Dex: 12    Spells: 12/23 levels left

rFire   . .          .
                       - Unarmed
rCold   + + .        (shield currently unavailable)
rNeg    . . .        (body armour unavailable)
rPois   +            (helmet currently unavailable)
rElec   +            (cloak currently unavailable)
rCorr   .            (gloves currently unavailable)
SInv    .            (boots currently unavailable)
Will    +....        X - amulet of the acrobat
Stlth   +            Z - ring "Tyemmobe" {rC+ Slay+5}
HPRegen 0.50/turn    Y - ring "Dothrecuch" {^Contam rElec rC+ Str+5 Int+2}
MPRegen 0.18/turn

%: acrobat
@: lethally poisoned (-15 -> -21), about to teleport, snake-form, death
channelling, weakened, constricted
A: constrict, boosted hp, (breathe frost), AC +9, large, unfitting armour, (cold
resistance 1), (cold-blooded)
a: Begin Untransformation, Renounce Religion, Wall Jump, Serpent's Lash,
Heavenly Storm


You were on level 4 of the Snake Pit.
You worshipped Wu Jian.
Wu Jian was exalted by your worship.
You were an enormous serpent.
You visited 5 branches of the dungeon, and saw 27 of its levels.
You visited the Abyss 1 time.
You visited 1 bazaar.
You also visited: Ice Cave and Volcano.

You collected 3840 gold pieces.
You spent 1124 gold pieces at shops.

Inventory:

Missiles
 d - 200 stones
 k - 4 throwing nets
 n - 43 poisoned darts
Jewellery
 a - a +4 ring of protection
 o - an amulet of regeneration
 v - an amulet of faith
 z - a ring of fire
 K - a ring of protection from fire
 P - the ring of the Voivode {+Blink Fly rPois}
   (You bought it in a shop in a bazaar)

   [ring of flight]

   rPois:     It protects you from poison Fly: It grants you flight.
   +Blink:    It lets you blink.
 V - a +4 ring of slaying
 W - a ring of protection from cold
 X - an amulet of the acrobat (around neck)
 Y - the ring "Dothrecuch" (right hand) {^Contam rElec rC+ Str+5 Int+2}
   (You found it in an ice cave)

   [ring of protection from cold]

   Str+5:     It affects your strength (+5).
   Int+2:     It affects your intelligence (+2).
   rC+:       It protects you from cold.
   rElec:     It insulates you from electricity.
   ^Contam:   It causes magical contamination when unequipped.
 Z - the ring "Tyemmobe" (left hand) {rC+ Slay+5}
   (You found it in an ice cave)

   [ring of protection from cold]

   Slay+5:    It affects your accuracy & damage with ranged weapons and melee
   (+5).
   rC+:       It protects you from cold.
Talismans
 b - a beast talisman
 c - a flux talisman
 e - a blade talisman
 S - a serpent talisman (active)
Wands
 i - a wand of polymorph (7)
 x - a wand of iceblast (6)
 B - a wand of light (12) (quivered)
 J - a wand of charming (27)
Scrolls
 f - a scroll of silence
 q - 4 scrolls of poison
 r - 4 scrolls of torment
 s - a scroll of revelation
 u - a scroll of enchant armour
 y - 11 scrolls of teleportation
 A - a scroll of immolation
 C - 5 scrolls of vulnerability
 G - a scroll of amnesia
 L - a scroll of summoning {unknown}
 Q - 3 scrolls of fog
 U - 5 scrolls of blinking
Potions
 g - 9 potions of curing
 h - 3 potions of haste
 j - 2 potions of brilliance
 l - 6 potions of mutation
 m - 4 potions of magic
 p - a potion of invisibility
 t - 2 potions of cancellation
 w - 3 potions of berserk rage
 D - a potion of heal wounds
 E - 6 potions of might
 F - a potion of ambrosia
 N - 6 potions of lignification
 O - 3 potions of resistance
 R - 3 potions of enlightenment
 T - 2 potions of attraction


   Skills:
 + Level 16.7 Fighting
 - Level 8.0 Dodging
 + Level 17.5 Unarmed Combat
 - Level 4.0 Spellcasting
 + Level 13.5 Necromancy
 - Level 5.3 Earth Magic
 + Level 14.5 Shapeshifting


You had 12 spell levels left.
You knew the following spells:

 Your Spells              Type           Power      Damage    Failure   Level
a - Death Channel         Necr           23%        N/A       10%         6
b - Borgnjor's Vile Clut  Necr/Erth      16%        N/A       10%         5

Your spell library contained the following spells:

 Spells                   Type           Power      Damage    Failure   Level
 Kiss of Death            Conj/Necr      96%        2d12      1%          1
 Vampiric Draining        Necr           46%        2d9       1%          3
 Animate Dead             Necr           46%        N/A       1%          4
 Dispel Undead            Necr           46%        3d18      1%          4
 Cigotuvi's Dreadful Rot  Necr/Alch/Air  34%        N/A       4%          2
 Passwall                 Erth           20%        N/A       5%          3
 Martyr's Knell           Necr/Summ      24%        N/A       11%         4
 Slow                     Hex            12%        N/A       17%         1
 Ensorcelled Hibernation  Hex/Ice        6%         N/A       26%         2
 Static Discharge         Conj/Air       6%         3-4/arc   26%         2
 Confusing Touch          Hex            3%         N/A       45%         3
 Hailstorm                Conj/Ice       3%         3d5       45%         3
 Sigil of Binding         Hex            3%         N/A       45%         3
 Summon Ice Beast         Ice/Summ       3%         N/A       45%         3
 Swiftness                Air            3%         N/A       45%         3
 Airstrike                Air            1%         2d(1-17)  86%         4
 Summon Lightning Spire   Summ/Air       3%         N/A       86%         4
 Infestation              Necr           23%        N/A       99%         8
 Sculpt Simulacrum        Ice/Alch       1%         N/A       100%        6
 Haunt                    Necr/Summ      12%        N/A       100%        7
 Ozocubu's Refrigeration  Ice            1%         4d7       100%        7
 Polar Vortex             Ice            1%         N/A       100%        9


Dungeon Overview and Level Annotations

Branches:
Dungeon (15/15)            Temple (1/1) D:7            Lair (5/5) D:10
 Shoals (0/4) Lair:3        Snake (4/4) Lair:3        Slime (0/5) Lair:5
    Orc (2/2) D:11            Elf (0/3) Orc:2        Vaults (0/5) D:13
 Depths (0/4) D:15          IceCv (visited)         Volcano (visited)

Altars:
Ashenzari
Cheibriados
Dithmenos
Elyvilon
Fedhas
Gozag
Hepliaklqana
Kikubaaqudgha
Makhleb
Nemelex Xobeh
Okawaru
Qazlal
Ru
Sif Muna
Trog
Uskayaw
Vehumet
Wu Jian
Xom
Yredelemnul
Zin
The Shining One

Shops:
D:2 [(*   D:7 :   Orc:2 ![*=   Snake:2 [:   Snake:3 :

Annotations:
D:4 3 runed translucent doors, Rexy's ghost, amateur MiHu
D:5 1 runed translucent door, Crazy Yiuf; Menkaure
D:9 exclusion: hornet
D:13 Frances
D:14 3 runed translucent doors, Moxuicio's ghost, journeyman DsFi
Temple 2 transporters
Lair:2 3 runed translucent doors, soul19's ghost, journeyman DsSh
Lair:4 exclusion: oklob plant
Snake:2 1 runed translucent door
Snake:3 2 transporters


Innate Abilities, Weirdness & Mutations

You are an enormous serpent.
You have a powerful constriction melee attack.
Your maximum health is increased.
Your armour is entirely melded.
You are incapable of wielding weapons or throwing items.
((You can breathe waves of freezing cold which knock back foes.))
((Your icy white scales are hard. (AC +9)))
You cannot fit into any form of body armour.
((Your flesh is cold resistant. (rC+)))
((You are cold-blooded and may be slowed by cold attacks.))


Message History

The nagas go into a battle-frenzy!
The naga spits poison at you. The splash of poison hits you. You resist.
* * * LOW HITPOINT WARNING * * *
The naga constricts you.
* * * LOW HITPOINT WARNING * * *
The mana viper bites you but does no damage.
You lash the naga mage! You grab the naga mage.
The naga mage is moderately wounded.
You constrict the naga mage, but do no damage.
You feel sick.
The naga mage hits you with a +0 halberd.
* * * LOW HITPOINT WARNING * * *
The naga sharpshooter shoots an arrow.
The arrow hits you!
* * * LOW HITPOINT WARNING * * *
The mana viper bites you but does no damage.
Your spectral guardian serpent hits the naga.
Your spectral guardian serpent drains the naga.
The naga hits you but does no damage. The naga constricts you.
* * * LOW HITPOINT WARNING * * *
You lash the naga mage!
The naga mage is severely wounded.
You constrict the naga mage.
You feel sick.
You are more poisoned.
The naga ritualist barely misses you. The naga mage barely misses you.
The mana viper bites you but does no damage.
Your spectral guardian serpent misses the naga.
You body-slam the naga mage!!
You kill the naga mage!
The Council accepts your kill.
A glowing mist starts to gather...
You feel sick.
* * * LOW HITPOINT WARNING * * *
You are more poisoned.
The naga hits you with a +0 trident.
* * * LOW HITPOINT WARNING * * *
The naga constricts you.
The naga ritualist hits you from afar with a +0 halberd!
* * * LOW HITPOINT WARNING * * *
The salamander hits you from afar with a +4 trident!!
You die...

# ##.###...###......###..###### #
#...#...###.......##......###
#####....#......#.....##.........
..##.....###')####....##.........
##.......##....####..###.........
##.#....##...)..#######.........#
##.##..##...##.Z.##.............#
....####...# ##N)Z#####.........#
.###.##...# ##SNN## ####......#
## ##...# ##S≈.#######.#.#.. #
... #NNS.##...)##..## # ..
......)≈NN..##.......##
.....NN#NN...##......##
......##..#...##......# #....#
...##...##...... ##..# ....
#...##....# ### .N... #.. ##..##


You could see a nagaraja (fast, strong), a naga sharpshooter (strong), a
salamander tyrant (strong, ally target), 2 salamanders, 2 naga ritualists, a
mana viper, a guardian serpent, 2 nagas, a friendly spectral naga mage and a
friendly spectral guardian serpent.

Vanquished Creatures
  Vashnia (Snake:3)
  Kirke (D:12)
  A nagaraja (Snake:3)
  Donald (Snake:1)
  An azure jelly (IceCv)
  Aizul (Snake:1)
  2 quicksilver oozes (IceCv)
  A starcursed mass (Abyss:2)
  Azrael (Orc:2)
  An ettin (Orc:1)
  A fire dragon (Volcano)
  Erolcha (D:12)
  An ogre mage (D:13)
  Harold (D:10)
  Fannar (D:11)
  4 hydras
  3 catoblepae (Lair:5)
  3 anacondas
  5 centaur warriors
  3 tengu warriors
  A boulder beetle (D:15)
  A deep troll earth mage (D:15)
  8 naga warriors
  8 two-headed ogres
  5 orc high priests
  5 shock serpents
  A thrashing horror (Abyss:2)
  6 death yaks (Lair:5)
  10 naga sharpshooters
  A skyshark (Lair:4)
  2 salamander mystics
  4 naga ritualists
  10 mana vipers
  2 lindwurms
  A harpy (shapeshifter) (D:13)
  3 orc knights
  A deep elf pyromancer (D:12)
  8 cyclopes
  14 ugly things
  3 orc sorcerers
  10 salamanders
  5 manticores
  10 naga magi
  3 ice statues (IceCv)
  24 black mambas
  A kobold blastminer (Orc:1)
  3 guardian serpents
  An orange demon (Abyss:2)
  4 gargoyles
  14 elephants
  17 cane toads
  2 molten gargoyles (Volcano)
  A cane toad (shapeshifter) (D:15)
  An efreet (D:15)
  A kobold demonologist (D:12)
  2 tengu conjurers
  7 komodo dragons
  2 rime drakes
  Psyche (D:7)
  3 red devils (D:10)
  4 polar bears
  5 trolls
  A wind drake (Lair:3)
  A troll (shapeshifter) (D:14)
  Grinder (D:5)
  9 blink frogs (Lair:4)
  2 dream sheep (Lair:4)
  30 slime creatures
  A vampire (D:14)
  3 shadows
  10 wyverns
  4 fire elementals (Orc:1)
  54 yaks
  2 wraiths
  10 fire bats (Volcano)
  2 hogs (D:11)
  A warg (D:15)
  7 basilisks
  4 steam dragons
  Grum (Lair:1)
  4 vampire mosquitoes
  A chaos spawn (Abyss:2)
  3 great orb of eyes simulacra (IceCv)
  An acid dragon (D:9)
  A hell hound (Orc:1)
  23 water moccasins
  34 nagas
  25 orc warriors
  3 black bears
  4 ogres
  A centaur (shapeshifter) (Abyss:2)
  6 wolves
  4 kobold brigands
  2 slime creature simulacra (IceCv)
  13 bullfrogs
  5 glowing shapeshifter simulacra (IceCv)
  2 gnoll sergeants
  3 scorpions
  13 wights
  7 killer bees
  2 electric eels
  12 howler monkeys
  3 bombardier beetles
  5 lava snakes (Volcano)
  2 jellies
  3 hounds
  2 gnoll boudas (D:7)
  43 orc priests
  2 iguanas
  29 orc wizards
  A shapeshifter simulacrum (IceCv)
  5 hell rats (Lair:5)
  A mummy (D:4)
  21 gnolls
  5 adders
  A shadow imp (D:6)
  2 white imps (D:7)
  An ufetubus (D:6)
  2 dart slugs
  71 orcs
  7 ball pythons
  7 bats
  4 endoplasms
  5 giant cockroaches
  7 goblins
  6 hobgoblins
  4 jackals (D:3)
  19 kobolds
  4 quokkas
  5 frilled lizards
  A hobgoblin zombie (D:4)
  2 kobold zombies (D:4)
  An orc zombie (D:4)
  5 rats
  A lurking horror (Abyss:2)
838 creatures vanquished.

Vanquished Creatures (collateral kills)
  A naga warrior (Snake:3)
  A naga sharpshooter (Snake:3)
  A mana viper (Snake:4)
  2 ugly things (D:15)
  2 black mambas
  5 nagas
12 creatures vanquished.

Vanquished Creatures (others)
  A human (D:12)
  An orc wizard (Orc:2)
  An ufetubus (D:7)
  2 orcs (D:8)
5 creatures vanquished.

Grand Total: 855 creatures vanquished

Notes
Turn   | Place    | Note
-------+----------+-------------------------------------------
     0 | D:1      | Ceno the Draconian Shapeshifter began the quest for the
                  | Orb.
     0 | D:1      | Reached XP level 1. HP: 16/16 MP: 1/1
    84 | D:1      | Reached XP level 2. HP: 23/23 MP: 2/2
   815 | D:2      | Reached XP level 3. HP: 17/29 MP: 3/3
   823 | D:2      | Found Tolutz's Antique Weapon Emporium.
   979 | D:2      | You fall into a shaft and drop 1 floor!
  1237 | D:2      | Reached skill level 4 in Unarmed Combat
  1404 | D:2      | Found Diruis's Armour Shoppe.
  1454 | D:2      | Reached XP level 4. HP: 36/36 MP: 4/4
  1777 | D:2      | Found Poydeem's Assorted Antiques.
  2027 | D:2      | Reached XP level 5. HP: 28/42 MP: 5/5
  3020 | D:4      | Reached skill level 5 in Unarmed Combat
  3101 | D:4      | Reached XP level 6. HP: 46/51 MP: 6/6
  3402 | D:4      | Found a runed translucent gate.
  3403 | D:4      | Found a runed translucent gate.
  3405 | D:4      | Found a runed translucent gate.
  3405 | D:4      | Noticed Rexy's ghost (amateur MiHu)
  3618 | D:5      | Entered Level 5 of the Dungeon
  3628 | D:5      | Found a glowing silver altar of Zin.
  3677 | D:5      | Found a runed translucent door.
  3678 | D:5      | Noticed Crazy Yiuf
  4014 | D:5      | Noticed Grinder
  4019 | D:5      | Paralysed by Grinder for 3 turns
  4032 | D:5      | Paralysed by Grinder for 5 turns
  4050 | D:5      | Killed Grinder
  4051 | D:5      | Reached skill level 6 in Unarmed Combat
  4051 | D:5      | Your scales start taking on an icy white colour.
  4051 | D:5      | Reached XP level 7. HP: 44/59 MP: 7/7
  4051 | D:5      | Gained mutation: Your flesh is cold resistant. (rC+) [White
                  | Draconian growth]
  4151 | D:5      | Noticed Menkaure
  4622 | D:6      | Reached skill level 5 in Shapeshifting
  4763 | D:6      | Reached skill level 5 in Fighting
  4763 | D:6      | Reached skill level 7 in Unarmed Combat
  4959 | D:6      | Reached XP level 8. HP: 68/68 MP: 8/8
  5219 | D:7      | Found a staircase to the Ecumenical Temple.
  5228 | Temple   | Found a transporter.
  5228 | Temple   | Found a transporter.
  5228 | Temple   | Found a transporter.
  5228 | Temple   | Found a transporter.
  5228 | Temple   | Entered the Ecumenical Temple
  5241 | Temple   | Became a worshipper of the Wu Jian Council
  5879 | D:7      | Reached skill level 8 in Unarmed Combat
  6328 | D:7      | Found a sacrificial altar of Ru.
  6456 | D:8      | Noticed a two-headed ogre
  6618 | D:8      | Reached * piety under Wu Jian
  6619 | D:8      | Reached skill level 9 in Unarmed Combat
  6619 | D:8      | Reached XP level 9. HP: 20/78 MP: 9/9
  6799 | D:8      | Noticed Psyche
  6980 | D:7      | Killed Psyche
  7204 | D:8      | Noticed a manticore
  7986 | D:9      | Reached skill level 10 in Unarmed Combat
  8627 | D:10     | Entered Level 10 of the Dungeon
  8793 | D:10     | Noticed a red devil
  8793 | D:10     | Noticed a red devil
  8793 | D:10     | Noticed a red devil
  8795 | D:10     | Noticed Harold
  8897 | D:10     | Killed a red devil
  8898 | D:10     | Reached XP level 10. HP: 45/88 MP: 10/10
  9101 | D:10     | Reached skill level 11 in Unarmed Combat
  9189 | D:10     | Killed Harold
  9189 | D:10     | Reached ** piety under Wu Jian
  9608 | D:10     | Found a staircase to the Lair.
  9626 | D:10     | Reached skill level 12 in Unarmed Combat
 10079 | D:10     | Reached XP level 11. HP: 88/90 MP: 11/11
 10419 | D:10     | Found a hide-covered altar of Uskayaw.
 10668 | D:10     | Found a sparkling altar of Nemelex Xobeh.
 10671 | D:10     | Found a broken altar of Ashenzari.
 11219 | D:11     | Noticed a two-headed ogre
 11221 | D:11     | Noticed a two-headed ogre
 11222 | D:11     | Noticed a green ugly thing
 11442 | D:8      | Killed a two-headed ogre
 11905 | D:7      | Reached *** piety under Wu Jian
 12079 | D:7      | Found Ziateif's Book Shop.
 12614 | Lair:1   | Entered Level 1 of the Lair of Beasts
 12670 | Lair:1   | Reached skill level 10 in Fighting
 12823 | Lair:1   | You fall into a shaft and drop 1 floor!
 12949 | Lair:2   | Noticed soul19's ghost (journeyman DsSh)
 12949 | Lair:2   | Found the ring of the Tortoise {AC+8}
 12949 | Lair:2   | Noticed a lindwurm
 12956 | Lair:2   | Found a runed translucent gate.
 13159 | Lair:2   | Reached skill level 13 in Unarmed Combat
 13551 | Lair:1   | Reached skill level 5 in Dodging
 13563 | Lair:1   | Reached XP level 12. HP: 67/108 MP: 12/12
 13719 | Lair:1   | Noticed Grum
 13771 | Lair:1   | Killed Grum
 14002 | Lair:1   | Reached **** piety under Wu Jian
 14764 | Lair:2   | Reached skill level 10 in Shapeshifting
 15090 | Lair:2   | Found a runed translucent gate.
 15090 | Lair:2   | Found a runed translucent gate.
 15396 | Lair:3   | Identified 2 scrolls of acquirement
 15396 | Lair:3   | Acquired a manual of Necromancy
 15398 | Lair:3   | Acquired 633 gold pieces
 15445 | Lair:3   | Reached skill level 1 in Necromancy
 15455 | Lair:3   | Found a frozen archway.
 15467 | IceCv    | Entered an ice cave
 16504 | IceCv    | Noticed a quicksilver ooze
 16522 | IceCv    | Killed a quicksilver ooze
 16715 | IceCv    | Noticed a quicksilver ooze
 16717 | IceCv    | Noticed an azure jelly
 16721 | IceCv    | Killed a quicksilver ooze
 16728 | IceCv    | Killed an azure jelly
 16729 | IceCv    | Reached skill level 14 in Unarmed Combat
 16729 | IceCv    | Reached skill level 5 in Necromancy
 16876 | IceCv    | Found a viscous altar of Jiyva.
 16900 | IceCv    | Got the ring "Dothrecuch" {^Contam rElec rC+ Str+5 Int+2}
 17125 | IceCv    | Got the ring "Tyemmobe" {rC+ Slay+5}
 17339 | Lair:3   | Found a staircase to the Snake Pit.
 17353 | Lair:3   | Reached XP level 13. HP: 118/118 MP: 13/13
 17977 | Lair:3   | Found a staircase to the Shoals.
 20043 | Lair:5   | Entered Level 5 of the Lair of Beasts
 20127 | Lair:4   | Reached ***** piety under Wu Jian
 20985 | Lair:5   | Found a staircase to the Slime Pits.
 21297 | Lair:5   | Reached XP level 14. HP: 129/129 MP: 14/14
 21592 | Lair:5   | Reached skill level 15 in Unarmed Combat
 21861 | Lair:5   | Reached skill level 10 in Necromancy
 22531 | D:11     | Found a staircase to the Orcish Mines.
 22811 | D:11     | Noticed Fannar
 22840 | D:11     | Killed Fannar
 22972 | Orc:1    | Entered Level 1 of the Orcish Mines
 23549 | Orc:1    | Found a dark tunnel.
 23560 | Volcano  | Entered a volcano
 23987 | Volcano  | Found a bloodstained altar of Trog.
 24686 | Orc:2    | Entered Level 2 of the Orcish Mines
 25209 | Orc:2    | Found a staircase to the Elven Halls.
 25815 | Orc:2    | Noticed Azrael
 25949 | Orc:1    | Reached ****** piety under Wu Jian
 26130 | Orc:2    | Killed Azrael
 27056 | Orc:2    | Paralysed by an orc sorcerer for 4 turns
 27071 | Orc:2    | Learned a level 6 spell: Death Channel
 27071 | Orc:2    | Paralysed by an orc sorcerer for 3 turns
 27105 | Orc:2    | Found Woebbae's Assorted Antiques.
 27105 | Orc:2    | Found Pyotsien's Jewellery Emporium.
 27118 | Orc:2    | Found Josanguh's Armour Shoppe.
 27171 | Orc:2    | Found Eshreoje's Distillery.
 27466 | D:12     | Noticed Erolcha
 27469 | Abyss:2  | Cast into level 2 of the Abyss (Erolcha)
 27471 | Abyss:2  | Found a corrupted altar of Lugonu.
 27475 | Abyss:2  | Found a corrupted altar of Lugonu.
 27537 | Abyss:2  | Noticed a Hell Sentinel
 27573 | Abyss:2  | Reached XP level 15. HP: 102/130 MP: 15/15
 27585 | D:12     | Escaped the Abyss
 27594 | D:12     | Killed Erolcha
 28414 | D:12     | Identified the +8 scale mail "Mamis" {Harm Will+}
 28442 | D:12     | Noticed Kirke
 28481 | D:12     | Killed Kirke
 28491 | D:12     | Reached skill level 16 in Unarmed Combat
 29408 | D:13     | Noticed Frances
 29481 | D:13     | Found a gate to the Vaults.
 29513 | D:13     | Found a flickering gateway to a bazaar.
 29527 | Bazaar   | Entered a bazaar
 29688 | Bazaar   | Found Josoos's Jewellery Boutique.
 29702 | Bazaar   | Found Hupsueto's Armour Shoppe.
 29710 | Bazaar   | Bought the ring of the Voivode {+Blink Fly rPois} for 464
                  | gold pieces
 29724 | Bazaar   | Found Doim's Jewellery Shop.
 29736 | Bazaar   | Found Turenaf's Armour Emporium.
 29858 | D:13     | Learned a level 5 spell: Borgnjor's Vile Clutch
 30037 | D:13     | Reached skill level 15 in Fighting
 30305 | D:13     | Reached skill level 1 in Earth Magic
 30402 | D:14     | Found a runed translucent gate.
 30402 | D:14     | Found a runed translucent gate.
 30402 | D:14     | Found a runed translucent gate.
 30403 | D:14     | Noticed Moxuicio's ghost (journeyman DsFi)
 30624 | D:14     | Found a shadowy altar of Dithmenos.
 31115 | D:15     | Entered Level 15 of the Dungeon
 32239 | D:15     | Found a staircase to the Depths.
 32562 | D:15     | Identified the +3 war axe of Wu Jian's Hope {freeze, rF+
                  | Will+}
 33208 | Snake:1  | Entered Level 1 of the Snake Pit
 33224 | Snake:1  | Reached skill level 1 in Spellcasting
 33838 | Snake:1  | Noticed Donald
 33860 | Snake:1  | Killed Donald
 33863 | Snake:1  | Reached XP level 16. HP: 57/149 MP: 8/18
 34947 | Snake:2  | Identified the serpent talisman of the Evening {*Slow rF+
                  | Int+4}
 34947 | Snake:2  | Noticed Aizul
 34952 | Snake:1  | Killed Aizul
 35313 | Snake:2  | Found a runed translucent door.
 35396 | Snake:2  | Reached skill level 5 in Earth Magic
 36266 | Snake:2  | Found Maromeum's Antique Armour Shop.
 36271 | Snake:2  | Found Padaonek's Book Shop.
 36281 | Snake:2  | Bought a book of Death for 660 gold pieces
 36353 | Snake:2  | Reached skill level 17 in Unarmed Combat
 36620 | Snake:3  | HP: 9/181 [naga warrior/+0 glaive (44)]
 37112 | Snake:3  | Found Nutiam's Book Shop.
 37453 | Snake:3  | Noticed Vashnia
 37916 | Snake:3  | Found a transporter.
 38119 | Snake:3  | Found a transporter.
 38164 | Snake:3  | Killed Vashnia
 38816 | Snake:4  | Entered Level 4 of the Snake Pit
 39926 | Snake:4  | Demolished by a salamander

Illustrated notes

Levels and vault maps discovered:
D:1:      minmay_arrival_four_circles, layout_loops_ring
D:2:      layout_basic, serial_shops, shop, nicolae_shop_behind_doors,
          nicolae_shop_stone
D:3:      minmay_angry_zag, layout_loops_ring, nicolae_hexahallways,
          patterned_corridor
D:4:      layout_basic, gammafunk_ghost_nasty_kobolds, minmay_mini_ossuary
D:5:      layout_loops_ring, zin_statuary, hex_large, uniq_crazy_yiuf_cottage,
          uniq_menkaure, uniq_grinder
D:6:      layout_basic, minivault_19, bh_walls_and_bars
D:7:      layout_cave_pods, lemuel_doored_altar,
          minmay_temple_entry_statues_fountains, serial_shops,
          nicolae_shop_crystal, minmay_unpleasant_kobolds
D:8:      layout_basic, uniq_psyche
D:9:      layout_basic
D:10:     layout_basic, amcnicky_altar_gilded, jmf_multi_god_temple2,
          minmay_lair_entry_grove, minmay_misc_feat_tower,
          chequers_serial_rivers_large_b, einodemon_armed_red_devil_minivault,
          uniq_harold
D:11:     layout_big_octagon, orc_0_dummy, uniq_fannar
D:12:     layout_basic, grunt_potential, uniq_erolcha, uniq_kirke
D:13:     layout_roguey, david_vaults_2, serial_shops, bzr_entry_customers,
          uniq_frances
D:14:     layout_rooms, gammafunk_ghost_hydra_chop,
          nicolae_dithmenos_the_darkroom, nicolae_kite_square_tiling_tiny
D:15:     hellmonk_depths_entry_around_the_bend, layout_loops_ring,
          serial_rivers, chequers_serial_rivers_small_a,
          chequers_serial_rivers_room_a, chequers_serial_rivers_large_a,
          chequers_serial_rivers_small_3, chequers_serial_rivers_micro_b,
          hangedman_abyss_or_decor_clamps
Temple:   hellmonk_temple_divided_pantheon
Lair:1:   layout_loops_ring, st_stairs_7, serial_bayou_shore_a, uniq_grum
Lair:2:   layout_cave_pods, gammafunk_ghost_split
Lair:3:   layout_gridlike, minmay_shoals_entry_beasts,
          alex1729_snake_entry_snake, portal_ice_cave_entry_pillars_2,
          beast_lair_carwin_3
Lair:4:   layout_roguey, nicolae_quartered_pool_medium,
          hangedman_lair_generics_rect
Lair:5:   evilmike_catoblepas_cave, layout_loops_ring, slime_entry_1
Snake:1:  layout_rooms, uniq_donald
Snake:2:  cheibrodos_toxic_ritual, layout_honeycomb, minmay_shop_star,
          grunt_megastairs_5, uniq_aizul
Snake:3:  gammafunk_the_bubble [the_bubble_gammafunk_plus_minus],
          layout_gridlike, serial_shops, shop, uniq_vashnia
Snake:4:  johnstein_snake_rune_scales, layout_chambers
Orc:1:    layout_diamond_mine, enter_volcano_2
Orc:2:    st_orc_mages, layout_diamond_mine, uniq_azrael

Skill      XL: |  1  2  3  4  5  6  7  8  9 10 11 12 13 14 15 16 |
---------------+-------------------------------------------------+-----
Fighting       | 2 3 4 5 6 8 9 10 12 13 14 15 16 | 16.7
Unarmed Combat | 4 5 6 7 9 10 12 13 14 15 16 17 | 17.5
Shapeshifting  | 4 5 6 7 8 9 10 11 12 13 14 | 14.5
Dodging        | 2 5 6 8 |  8.0
Necromancy     | 5 9 12 13 | 13.5
Earth Magic    | 4 5 |  5.3
Spellcasting   | 1 4 |  4.0

Action                     |  1- 3 |  4- 6 |  7- 9 | 10-12 | 13-15 | 16-18 || total
---------------------------+-------+-------+-------+-------+-------+-------++-------
  Melee: Unarmed           |    83 |   174 |   234 |   625 |   997 |   273 ||  2386
         Tailslap          |     4 |    18 |    33 |    93 |       |       ||   148
         Punch             |       |     6 |    16 |     2 |       |       ||    24
         Constrict         |       |       |       |    22 |   210 |    53 ||   285
  Throw: Stone             |     1 |     5 |     7 |       |       |       ||    13
         Dart              |       |       |    14 |     3 |       |       ||    17
   Cast: Death Channel     |       |       |       |       |     4 |    13 ||    17
         Borgnjor's Vile C |       |       |       |       |    13 |    31 ||    44
 Invoke: Serpent's Lash    |       |       |       |     1 |    13 |     4 ||    18
Ability: Breathe Frost     |       |       |    16 |    21 |       |       ||    37
         Lunge             |       |       |    31 |    44 |   119 |    49 ||   243
         Whirlwind         |       |       |       |    18 |   105 |    16 ||   139
         Wall Jump         |       |       |       |     4 |     1 |     1 ||     6
         Begin Untransform |       |       |       |     1 |       |       ||     1
  Evoke: Wand              |       |       |     1 |     7 |    10 |       ||    18
    Use: Scroll            |       |     6 |    10 |     5 |    12 |     6 ||    39
         Potion            |       |     1 |     1 |     2 |     2 |     2 ||     8
   Stab: Sleeping          |       |     1 |       |       |       |       ||     1
         Distracted        |       |       |       |       |     2 |     1 ||     3
 Armour: Skin              |    37 |    79 |   185 |   299 |   574 |   183 ||  1357
  Dodge: Dodged            |    34 |    76 |   129 |   337 |   435 |   111 ||  1122
   Form: Flux              |       |       |       |     1 |       |       ||     1
         Serpent           |       |       |       |     2 |       |       ||     2

Table legend: (Time is in decaauts)
 A = Elapsed time spent in this place.
 B = Non-inter-level travel time spent in this place.
 C = Inter-level travel time spent in this place.
 D = Time resting spent in this place.
 E = Time spent auto-exploring this place.
 F = Levels seen in this place.
 G = Mean time per level.
                   A        B        C        D        E       F      G
               +--------+--------+--------+--------+--------+-----+--------+
         Total |  39643 |  37551 |   2092 |  10607 |  18281 |  31 | 1278.8 |
       Dungeon |  18471 |  17145 |   1326 |   4515 |   8047 |  15 | 1231.4 |
        Temple |     26 |     15 |     11 |      0 |      0 |   1 |   26.0 |
          Lair |   8382 |   7905 |    477 |   1260 |   5238 |   5 | 1676.4 |
     Snake Pit |   6489 |   6350 |    139 |   2488 |   2835 |   4 | 1622.2 |
  Orcish Mines |   3571 |   3432 |    139 |   1360 |   1286 |   2 | 1785.5 |
         Abyss |    109 |    109 |      0 |      0 |      0 |   1 |  109.0 |
        Bazaar |    235 |    235 |      0 |    158 |      0 |   1 |  235.0 |
      Ice Cave |   1659 |   1659 |      0 |    825 |    440 |   1 | 1659.0 |
       Volcano |    697 |    697 |      0 |      0 |    435 |   1 |  697.0 |
               +--------+--------+--------+--------+--------+-----+--------+

Top non-repeatable levels by time:
 Snake:2: 2775 daAuts
   Orc:1: 2309 daAuts
    D:10: 2133 daAuts
  Lair:5: 1924 daAuts
     D:9: 1904 daAuts
  Lair:4: 1804 daAuts
  Lair:3: 1739 daAuts
   IceCv: 1659 daAuts
     D:7: 1657 daAuts
 Snake:1: 1636 daAuts
  Lair:1: 1607 daAuts
    D:11: 1507 daAuts
     D:6: 1350 daAuts
    D:15: 1335 daAuts
  Lair:2: 1306 daAuts
